[Event "November 21 Early 2023"]
[Site "https://www.chess.com"]
[Date "2023.11.21"]
[Round "8"]
[White "Aradhya, Garg"]
[Black "Demchenko, Anton"]
[Result "0-1"]
[Board "54"]
[TimeControl "180+1"]
[WhiteFideId "25006746"]
[BlackFideId "4160258"]
[WhiteElo "2323"]
[BlackElo "2545"]
[WhiteTeam "IND"]
[BlackTeam "SLO"]
[WhiteClock "0:00:03"]
[BlackClock "0:00:10"]

1. d4 Nf6 2. c4 d6 3. Nf3 Nc6 4. Nc3 e5 5. Bg5 h6 6. Bh4 exd4 7. Nxd4 Nxd4 8. Qxd4 g5 9. Bg3 Bg7 10. h4 g4 11. h5 O-O 12. Qd2 Bf5 13. e3 Ne4 14. Nxe4 Bxe4 15. Rh4 f5 16. O-O-O a5 17. f3 gxf3 18. gxf3 Bxf3 19. Be2 Bxe2 20. Qxe2 a4 21. a3 Qf6 22. Rhd4 Qe6 23. R4d2 Ra5 24. Bf4 Rc5 25. Rd5 b6 26. Kb1 Qe4+ 27. Ka2 Qxc4+ 28. Qxc4 Rxc4 29. Rg1 Kh7 30. Rd2 b5 31. Rdg2 Rf7 32. Rg6 b4 33. axb4 Rxb4 34. R1g2 Re7 35. Rc2 Rbe4 36. Ka3 Rf7 37. Rc6 Bf8 38. Ra6 d5+ 39. Ka2 d4 40. Bxh6 dxe3 41. Bxf8 Rxf8 42. Rh6+ Kg8 43. Rag6+ Kf7 44. Rh7+ Ke8 45. Rxc7 Re7 46. Rc8+ Kf7 47. Rf6+ Kxf6 48. Rxf8+ Kg5 49. Rg8+ Kxh5 50. Rg1 e2 51. Re1 f4 52. Ka3 f3 53. Kxa4 f2 54. Rxe2 Rxe2 55. b4 f1=Q 0-1

[Event "November 21 Early 2023"]
[Site "https://www.chess.com"]
[Date "2023.11.21"]
[Round "8"]
[White "Grossboss19"]
[Black "Mikhailovsky, Vladimir"]
[Result "0-1"]
[Board "55"]
[TimeControl "180+1"]
[BlackFideId "34105414"]
[WhiteElo "2525"]
[BlackElo "2257"]
[BlackTeam "RUS"]
[WhiteClock "0:00:05"]
[BlackClock "0:00:07"]

1. c4 g6 2. d4 Bg7 3. Nc3 d6 4. g3 e5 5. Nf3 Ne7 6. dxe5 dxe5 7. Qxd8+ Kxd8 8. Bg5 Be6 9. O-O-O+ Nd7 10. Nd5 Bxd5 11. cxd5 f6 12. Be3 Nf5 13. Bd2 Nd6 14. Bc3 Ne4 15. Be1 a5 16. e3 Ndc5 17. Nd2 Bf8 18. f3 Nxd2 19. Bxd2 Bd6 20. Kb1 Ke7 21. Bb5 e4 22. f4 Rhd8 23. Bc3 Nd7 24. Bd4 a4 25. Be2 a3 26. b3 Bc5 27. g4 Kd6 28. h4 Ra5 29. Bc4 Bxd4 30. Rxd4 Nb6 31. Rxe4 Nxd5 32. Rd1 Kc6 33. Re6+ Rd6 34. Rxd6+ cxd6 35. Bxd5+ Rxd5 36. Rc1+ Kb6 37. Kc2 h5 38. gxh5 gxh5 39. Rg1 Rc5+ 40. Kd3 Rd5+ 41. Kc3 Rc5+ 42. Kb4 Rc2 43. Kxa3 Re2 44. Rg6 Rxe3 45. Rxf6 Kc5 46. f5 Re4 47. Rf7 b5 48. Kb2 Rxh4 49. f6 Rh2+ 50. Kc3 b4+ 51. Kd3 Rxa2 52. Rc7+ Kd5 53. Rb7 Rf2 54. Rb5+ Ke6 55. Rxh5 Rxf6 56. Rh4 Rf3+ 57. Kc4 Re3 58. Kxb4 Kd5 59. Rh5+ Kd4 60. Rh6 d5 61. Ka4 Re1 62. Kb5 Rb1 63. b4 Kc3 64. Rh3+ Kd4 65. Ka5 Kc4 66. Rh4+ d4 67. Rh1 Rxh1 68. b5 Ra1+ 69. Kb6 d3 70. Kc7 Rb1 71. b6 d2 72. b7 d1=Q 73. b8=N Rxb8 74. Kxb8 Qd7 0-1

[Event "November 21 Early 2023"]
[Site "https://www.chess.com"]
[Date "2023.11.21"]
[Round "8"]
[White "Bobomurodova, Maftuna"]
[Black "AlmasRakhmatullaev"]
[Result "1/2-1/2"]
[Board "56"]
[TimeControl "180+1"]
[WhiteFideId "14207400"]
[WhiteElo "1814"]
[BlackElo "2843"]
[WhiteTeam "UZB"]
[WhiteClock "0:00:17"]
[BlackClock "0:00:01"]

1. e4 c5 2. Nf3 e6 3. Qe2 Nc6 4. g3 Nge7 5. Bg2 g6 6. O-O Bg7 7. c3 O-O 8. Rd1 d5 9. e5 d4 10. d3 b6 11. Nbd2 Qc7 12. Re1 dxc3 13. bxc3 Ba6 14. Nc4 Nd5 15. Qc2 b5 16. Ne3 Rad8 17. d4 cxd4 18. cxd4 Ndb4 19. Qc3 Nd5 20. Qc2 Qb6 21. Bb2 Ncb4 22. Qb3 Bb7 23. a3 Nxe3 24. fxe3 Nc6 25. Ng5 Na5 26. Qc2 Rc8 27. Qf2 Bxg2 28. Qxg2 Nc4 29. Bc3 a5 30. Ne4 b4 31. axb4 axb4 32. Rab1 b3 33. Qf2 Na3 34. Rb2 Rfd8 35. Rc1 Nc4 36. Rbb1 Rb8 37. Nd2 Nxd2 38. Qxd2 Qb5 39. Rb2 Bxe5 40. Rcb1 Qc4 41. Ba5 Rd5 42. Qc3 Qa6 43. Rxb3 Rc8 44. Qb2 Bxd4 45. exd4 Qxa5 46. Rb8 Rxb8 47. Qxb8+ Qd8 48. Qxd8+ Rxd8 49. Rd1 e5 50. d5 f5 51. Kf2 Kf7 52. Ke3 Kf6 53. h3 Rd7 54. Rd2 h6 55. Rd1 Rd6 56. Rd2 g5 57. Rd1 Rd7 58. Rd2 Ke7 59. Rf2 Rxd5 60. Rxf5 Ke6 61. Rf8 Ra5 62. Rh8 Ra3+ 63. Kf2 Kf5 64. Rxh6 e4 65. Rb6 Ra2+ 66. Ke3 Ra3+ 67. Kf2 Ra5 68. g4+ Ke5 69. Rg6 Kd4 70. Re6 Ra2+ 71. Kg3 e3 72. h4 gxh4+ 73. Kxh4 e2 74. g5 Kd3 75. Kh5 Ra4 76. Rxe2 Kxe2 77. g6 Kf3 78. g7 Rg4 79. Kh6 Kf4 80. Kh7 Rh4+ 81. Kg8 Kf5 82. Kf7 Rh7 83. Kf8 Rxg7 84. Kxg7 1/2-1/2

[Event "November 21 Early 2023"]
[Site "https://www.chess.com"]
[Date "2023.11.21"]
[Round "8"]
[White "Yeletsky, Ivan"]
[Black "Manukian, Artak"]
[Result "1-0"]
[Board "57"]
[TimeControl "180+1"]
[WhiteFideId "24180327"]
[BlackFideId "13301373"]
[WhiteElo "2358"]
[BlackElo "2030"]
[WhiteTeam "RUS"]
[BlackTeam "ARM"]
[WhiteClock "0:02:39"]
[BlackClock "0:01:40"]

1. e4 c6 2. d3 d5 3. Nc3 Nf6 4. e5 Nfd7 5. f4 e6 6. Nf3 c5 7. g3 Nc6 8. Bh3 Rb8 9. a4 a6 10. O-O b5 11. axb5 axb5 12. f5 b4 13. fxe6 bxc3 14. exf7+ Ke7 15. Bg5+ Nf6 16. exf6+ gxf6 17. Qe2+ Ne5 18. Qxe5+ Kxf7 19. Bxf6 Bd6 20. Ng5+ Kg6 21. Bf5+ Kh6 22. Nf7+ 1-0

[Event "November 21 Early 2023"]
[Site "https://www.chess.com"]
[Date "2023.11.21"]
[Round "8"]
[White "Demin, Vladimir"]
[Black "Vasquez Schroeder, Rodrigo"]
[Result "1/2-1/2"]
[Board "58"]
[TimeControl "180+1"]
[WhiteFideId "4167457"]
[BlackFideId "3400042"]
[WhiteElo "2581"]
[BlackElo "2582"]
[WhiteTeam "RUS"]
[BlackTeam "CHI"]
[WhiteClock "0:00:03"]
[BlackClock "0:00:52"]

1. d4 Nf6 2. Nc3 d6 3. e4 Nbd7 4. f4 e5 5. Nf3 exd4 6. Qxd4 c6 7. Be3 d5 8. e5 Ng4 9. Bg1 Bc5 10. Qd2 Bxg1 11. Rxg1 Qb6 12. Nd4 Qxb2 13. Rb1 Qa3 14. h3 Nh6 15. g4 Nc5 16. f5 Ng8 17. Rg3 Qa5 18. Re3 Kf8 19. Nb3 Nxb3 20. axb3 Qb4 21. Ne2 Qxd2+ 22. Kxd2 h5 23. Nd4 hxg4 24. hxg4 Rh2+ 25. Be2 Nh6 26. Rg1 Bd7 27. e6 fxe6 28. fxe6 Be8 29. g5 Ng8 30. Rf1+ Ke7 31. Nf5+ Kd8 32. e7+ Kd7 33. Nxg7 Nxe7 34. Kc1 Rg2 35. Bd3 Rxg5 36. Ne6 Rh5 37. Nc5+ Kd6 38. Nxb7+ Kd7 39. Nc5+ Kd6 40. Nb7+ Kd7 41. Nc5+ Kd6 42. Nb7+ 1/2-1/2

[Event "November 21 Early 2023"]
[Site "https://www.chess.com"]
[Date "2023.11.21"]
[Round "8"]
[White "Hulka, Valentyn"]
[Black "Tikhonov, Viacheslav"]
[Result "1-0"]
[Board "60"]
[TimeControl "180+1"]
[WhiteFideId "34107061"]
[BlackFideId "44196407"]
[WhiteElo "2163"]
[BlackElo "2191"]
[WhiteTeam "UKR"]
[BlackTeam "RUS"]
[WhiteClock "0:00:23"]
[BlackClock "0:00:00"]

1. d4 f5 2. c4 Nf6 3. Nc3 g6 4. h4 h6 5. h5 g5 6. Qc2 d6 7. e3 Bg7 8. Bd3 e6 9. Nge2 O-O 10. Bd2 a5 11. O-O-O Nc6 12. a3 Bd7 13. f3 Qe7 14. Kb1 b6 15. Rdg1 a4 16. g4 fxg4 17. fxg4 Na5 18. Ne4 Nxe4 19. Bxe4 Bc6 20. Bxc6 Nxc6 21. Nc3 Na5 22. Qd3 Nb3 23. Rf1 c6 24. Be1 c5 25. Nb5 cxd4 26. exd4 Rf6 27. Rxf6 Bxf6 28. Rf1 Rf8 29. Bc3 Bg7 30. Rf3 Rf4 31. Rxf4 gxf4 32. Qe4 Qf7 33. Nxd6 Qf6 34. d5 e5 35. Nf5 f3 36. Qxf3 Qg5 37. Qd1 Bf6 38. Ka2 Qf4 39. Kb1 Qxc4 40. d6 Qe4+ 41. Ka2 Qc4 42. Ne3 Qe6 43. Qd5 Qxd5 44. Nxd5 Bd8 45. Bxe5 Nc5 46. Bd4 Ne4 47. d7 1-0

[Event "November 21 Early 2023"]
[Site "https://www.chess.com"]
[Date "2023.11.21"]
[Round "8"]
[White "Ilkhomi, Jaloliddin"]
[Black "Shuvalov, Evgenij"]
[Result "1-0"]
[Board "61"]
[TimeControl "180+1"]
[WhiteFideId "14700948"]
[BlackFideId "4187237"]
[WhiteElo "2054"]
[BlackElo "2059"]
[WhiteTeam "TJK"]
[BlackTeam "FID"]
[WhiteClock "0:00:17"]
[BlackClock "0:00:00"]

1. Nf3 Nf6 2. d4 g6 3. Bg5 Bg7 4. Nbd2 O-O 5. c3 d6 6. e4 d5 7. Bd3 dxe4 8. Nxe4 Nbd7 9. O-O b6 10. Qe2 Bb7 11. Rfe1 Re8 12. Rad1 Qc8 13. Bh4 c5 14. dxc5 Nxe4 15. Bxe4 Nxc5 16. Bxb7 Qxb7 17. Ne5 Rad8 18. b4 Bxe5 19. Rxd8 Rxd8 20. Qxe5 Nd3 21. Qxe7 Qxe7 22. Rxe7 Nxb4 23. Re1 Nd3 24. Re3 Rd6 25. h3 Kg7 26. Bg3 Rd5 27. Re7 Ra5 28. Rd7 Nc5 29. Be5+ Kh6 30. Rxf7 Rxa2 31. h4 Nd3 32. Bd4 g5 33. Be3 Kg6 34. Rd7 Nf4 35. hxg5 Ne2+ 36. Kh2 Nxc3 37. Rd6+ Kf7 38. Bd4 Nb5 39. Rd5 Nxd4 40. Rxd4 a5 41. f4 a4 42. f5 a3 43. Rd7+ Ke8 44. Ra7 1-0

[Event "November 21 Early 2023"]
[Site "https://www.chess.com"]
[Date "2023.11.21"]
[Round "8"]
[White "Tatarinov, Dmitry"]
[Black "Deng, Henry"]
[Result "1-0"]
[Board "62"]
[TimeControl "180+1"]
[WhiteFideId "24160067"]
[BlackFideId "30965454"]
[WhiteElo "2344"]
[BlackElo "2552"]
[WhiteTeam "RUS"]
[BlackTeam "USA"]
[WhiteClock "0:00:47"]
[BlackClock "0:00:16"]

1. d4 d5 2. c4 c6 3. Nc3 Nf6 4. Nf3 e6 5. Bg5 Be7 6. e3 O-O 7. Qc2 h6 8. Bh4 Nbd7 9. Rd1 dxc4 10. Bxc4 Nd5 11. Bg3 b5 12. Nxd5 cxd5 13. Bd3 Qa5+ 14. Nd2 Bb7 15. Qb1 Rac8 16. O-O b4 17. Nb3 Qb6 18. e4 dxe4 19. Bxe4 Bxe4 20. Qxe4 Nf6 21. Qd3 Nd5 22. Rfe1 Rfd8 23. Nd2 Qc6 24. Be5 Bf6 25. Bxf6 Nxf6 26. h3 Qc2 27. Qb3 Qxb3 28. Nxb3 Rc2 29. Rb1 Rdc8 30. g3 Nd5 31. h4 Kf8 32. Kf1 Ke7 33. Rec1 Kd6 34. Nc5 Rxc1+ 35. Rxc1 Ke7 36. Ke2 Nb6 37. Kd3 Rd8 38. Ke4 Rc8 39. Ra1 Nc4 40. a3 bxa3 41. b3 Nd6+ 42. Kd3 Rd8 43. Rxa3 Nb5 44. Ra5 e5 45. Rxb5 Rxd4+ 46. Ke3 Rd5 47. Rb7+ 1-0

[Event "November 21 Early 2023"]
[Site "https://www.chess.com"]
[Date "2023.11.21"]
[Round "8"]
[White "Korchmar, Vasiliy"]
[Black "elmusmolamas"]
[Result "0-1"]
[Board "63"]
[TimeControl "180+1"]
[WhiteFideId "24131750"]
[WhiteElo "2372"]
[BlackElo "2550"]
[WhiteTeam "RUS"]
[WhiteClock "0:00:00"]
[BlackClock "0:00:06"]

1. e4 c6 2. d4 g6 3. Nc3 d5 4. e5 h5 5. Be3 Nh6 6. Qd2 Nf5 7. Bf4 Bh6 8. Bxh6 Nxh6 9. O-O-O Bf5 10. Nf3 e6 11. Kb1 Nd7 12. h3 a6 13. Be2 Qe7 14. g4 Be4 15. Nxe4 dxe4 16. Ng5 e3 17. Qxe3 Nb6 18. Ne4 Nd5 19. Qb3 O-O-O 20. Nd6+ Rxd6 21. exd6 Qxd6 22. gxh5 Nf4 23. Bf3 gxh5 24. c4 Nf5 25. d5 exd5 26. cxd5 c5 27. Rhe1 Rd8 28. Re4 Nd4 29. Qe3 Nxd5 30. Rexd4 cxd4 31. Qxd4 Nc3+ 32. bxc3 Qg6+ 33. Be4 Rxd4 34. Rxd4 Qg1+ 35. Kb2 Qxf2+ 36. Kb3 Qf6 37. h4 Kc7 38. a4 Qxh4 39. Rc4+ Kb8 40. Rb4 Qe7 41. a5 h4 42. Bd5 h3 43. Re4 Qd7 44. Rd4 h2 45. Bh1 Qe6+ 46. Ka3 Qe7+ 47. Kb3 Qe6+ 48. Ka3 Qe1 0-1

[Event "November 21 Early 2023"]
[Site "https://www.chess.com"]
[Date "2023.11.21"]
[Round "8"]
[White "Hua, Lefong"]
[Black "Malyi, Viacheslav"]
[Result "0-1"]
[Board "64"]
[TimeControl "180+1"]
[WhiteFideId "2602253"]
[BlackFideId "14123983"]
[WhiteElo "2725"]
[BlackElo "2291"]
[WhiteTeam "CAN"]
[BlackTeam "UKR"]
[WhiteClock "0:00:01"]
[BlackClock "0:00:03"]

1. d4 Nf6 2. c4 e6 3. Nc3 d5 4. cxd5 exd5 5. Bg5 Be7 6. e3 Nbd7 7. Bd3 c6 8. Qc2 Nh5 9. Bxe7 Qxe7 10. Nge2 g6 11. O-O Ndf6 12. Rae1 O-O 13. Nc1 Bd7 14. f3 Rfe8 15. Qf2 b6 16. h3 c5 17. g4 Ng7 18. Bb1 Qd6 19. Rd1 b5 20. g5 cxd4 21. gxf6 dxc3 22. fxg7 cxb2 23. Nb3 Qf6 24. Rxd5 Bxh3 25. Rfd1 Be6 26. R5d4 Rac8 27. Qg3 Bxb3 28. axb3 Rxe3 29. Kf2 Rce8 30. R4d2 Rxb3 31. Ba2 Rbe3 32. Rd6 Re2+ 33. Kf1 Qc3 34. Rd7 R8e7 35. Rxe7 Rxe7 36. Qf4 Kxg7 37. Qd4+ Qxd4 38. Rxd4 Rc7 39. Rb4 Rc1+ 40. Ke2 a6 41. Rxb2 h5 42. Rd2 h4 43. Kf2 h3 44. Kg3 b4 45. Rd7 a5 46. Bxf7 Kh6 47. Rd6 Kg7 48. Be8 b3 49. Rb6 Rb1 50. Kxh3 b2 51. Ba4 Rh1+ 52. Kg2 b1=Q 53. Rxb1 0-1

[Event "November 21 Early 2023"]
[Site "https://www.chess.com"]
[Date "2023.11.21"]
[Round "8"]
[White "aghasiyevkamal"]
[Black "Krzyzanowski, Marcin"]
[Result "1-0"]
[Board "65"]
[TimeControl "180+1"]
[BlackFideId "1132199"]
[WhiteElo "2541"]
[BlackElo "2471"]
[BlackTeam "POL"]
[WhiteClock "0:00:59"]
[BlackClock "0:00:01"]

1. e4 c5 2. Nf3 d6 3. Bb5+ Bd7 4. Bxd7+ Qxd7 5. c4 e5 6. Nc3 Be7 7. a3 Nc6 8. Rb1 Bd8 9. b4 Nge7 10. O-O O-O 11. d3 Ng6 12. Nd5 f5 13. exf5 Rxf5 14. Be3 b6 15. Nd2 Nce7 16. Nxe7+ Bxe7 17. Ne4 Raf8 18. bxc5 dxc5 19. a4 Nf4 20. a5 bxa5 21. Rb5 a4 22. Ra5 Ne6 23. Qxa4 Qxd3 24. Qc6 Ng5 25. Bxg5 Bxg5 26. Rxa7 h6 27. Qg6 Bf6 28. Nxf6+ R5xf6 29. Qxg7# 1-0

[Event "November 21 Early 2023"]
[Site "https://www.chess.com"]
[Date "2023.11.21"]
[Round "8"]
[White "brm72"]
[Black "Mohammad Fahad, Rahman"]
[Result "0-1"]
[Board "66"]
[TimeControl "180+1"]
[BlackFideId "10207791"]
[WhiteElo "2545"]
[BlackElo "2339"]
[BlackTeam "BAN"]
[WhiteClock "0:00:19"]
[BlackClock "0:01:22"]

1. e4 e5 2. Nf3 Nc6 3. Bc4 Nf6 4. d4 exd4 5. e5 Ne4 6. Qe2 Nc5 7. O-O Be7 8. Rd1 Ne6 9. c3 dxc3 10. Nxc3 O-O 11. a3 d6 12. b4 Bd7 13. Qd2 a6 14. Bb2 Ng5 15. Nxg5 Bxg5 16. f4 Nxe5 17. Bd5 Bh6 18. Bxb7 Nc4 19. Qe2 Nxb2 20. Qxb2 Ra7 21. Be4 Bxf4 22. Qc2 h6 23. Nd5 Be5 24. Rac1 Qg5 25. Qe2 c6 26. Nb6 Bg4 27. Bf3 Bxf3 28. Qxf3 c5 29. bxc5 dxc5 30. Nc4 Bd4+ 31. Kh1 Re7 32. a4 Qg6 33. Rf1 Rfe8 34. a5 Re2 35. Rb1 Rf2 36. Qd5 Ree2 37. Rb8+ Kh7 38. Rg1 0-1

[Event "November 21 Early 2023"]
[Site "https://www.chess.com"]
[Date "2023.11.21"]
[Round "8"]
[White "Pourramezanali, Amirreza"]
[Black "Tologon tegin, Semetei"]
[Result "1-0"]
[Board "67"]
[TimeControl "180+1"]
[WhiteFideId "12511412"]
[BlackFideId "13800574"]
[WhiteElo "2302"]
[BlackElo "2258"]
[WhiteTeam "IRI"]
[BlackTeam "KGZ"]
[WhiteClock "0:00:56"]
[BlackClock "0:00:32"]

1. c4 e5 2. g3 Nf6 3. Bg2 Bc5 4. e3 d6 5. Ne2 O-O 6. O-O Nc6 7. d4 exd4 8. exd4 Bb6 9. d5 Ne5 10. b3 Bg4 11. Kh1 Bf3 12. Bb2 Re8 13. Bxf3 Nxf3 14. Nf4 Ne5 15. Nd2 Qd7 16. Nf3 Nfg4 17. Nxe5 dxe5 18. Nh3 Ne3 19. fxe3 Qxh3 20. Qf3 f6 21. e4 a5 22. Ba3 a4 23. b4 Bd4 24. Rac1 Rad8 25. g4 Qh4 26. Qg2 g6 27. Rf3 Rf8 28. Rcf1 Rf7 29. Rh3 Qg5 30. Bc1 Rdf8 31. Bxg5 fxg5 32. Rxf7 Rxf7 33. Rf3 Rf4 34. Rxf4 gxf4 35. g5 1-0

[Event "November 21 Early 2023"]
[Site "https://www.chess.com"]
[Date "2023.11.21"]
[Round "8"]
[White "Lund, Gunnar"]
[Black "Timerkhanov, Alexander"]
[Result "0-1"]
[Board "68"]
[TimeControl "180+1"]
[WhiteFideId "1520814"]
[BlackFideId "24177938"]
[WhiteElo "2233"]
[BlackElo "2278"]
[WhiteTeam "NOR"]
[BlackTeam "RUS"]
[WhiteClock "0:00:49"]
[BlackClock "0:01:13"]

1. d4 d5 2. c4 c6 3. g3 Nf6 4. Bg2 g6 5. Nf3 Bg7 6. O-O O-O 7. b3 dxc4 8. bxc4 c5 9. e3 Nc6 10. Nc3 cxd4 11. exd4 Bg4 12. Be3 Rc8 13. Rc1 b6 14. h3 Bf5 15. Qa4 Na5 16. c5 Bd7 17. Qb4 Bc6 18. Rfd1 Nd5 19. Nxd5 Bxd5 20. Ne5 Bxg2 21. Kxg2 Qd5+ 22. Nf3 Qxa2 23. cxb6 axb6 24. Qxe7 Rce8 25. Qg5 h6 26. Qf4 g5 27. Nxg5 hxg5 28. Qxg5 Nc4 29. Kf3 Qa8+ 30. d5 Nxe3 31. fxe3 Re5 32. Qf4 Rxd5 33. e4 Rxd1 34. Rxd1 Qb7 35. h4 f5 36. Ke3 fxe4 37. Qxe4 Bh6+ 0-1

[Event "November 21 Early 2023"]
[Site "https://www.chess.com"]
[Date "2023.11.21"]
[Round "8"]
[White "Graca, Robert"]
[Black "reevecanada"]
[Result "1-0"]
[Board "69"]
[TimeControl "180+1"]
[WhiteFideId "644943"]
[WhiteElo "2204"]
[BlackElo "2695"]
[WhiteTeam "FRA"]
[WhiteClock "0:00:24"]
[BlackClock "0:00:51"]

1. Nf3 d5 2. d4 Nd7 3. c4 dxc4 4. e4 b5 5. a4 c6 6. b3 cxb3 7. axb5 Qb6 8. Qxb3 Rb8 9. Nc3 cxb5 10. Nd5 Qb7 11. Bf4 e6 12. Bxb8 Qxb8 13. Bxb5 Qb7 14. Bxd7+ Qxd7 15. Ne5 Qd6 16. Qb5+ Bd7 17. Nxd7 Qxd7 18. Qxd7+ Kxd7 19. Rxa7+ Ke8 20. Nb6 Nf6 21. f3 Bb4+ 22. Ke2 Kf8 23. Rc1 Nh5 24. Rc8# 1-0

[Event "November 21 Early 2023"]
[Site "https://www.chess.com"]
[Date "2023.11.21"]
[Round "8"]
[White "Pinto, Daniel"]
[Black "Sattarov, Bobir"]
[Result "1/2-1/2"]
[Board "70"]
[TimeControl "180+1"]
[WhiteFideId "3303144"]
[BlackFideId "14203081"]
[WhiteElo "2149"]
[BlackElo "2351"]
[WhiteTeam "BOL"]
[BlackTeam "UZB"]
[WhiteClock "0:00:07"]
[BlackClock "0:00:41"]

1. e4 e5 2. Nf3 Nc6 3. Bb5 a6 4. Ba4 Bc5 5. O-O Qf6 6. d3 h6 7. Nc3 Nge7 8. Nd5 Nxd5 9. exd5 Ne7 10. Bb3 O-O 11. Be3 Ba7 12. c4 d6 13. d4 Bg4 14. dxe5 dxe5 15. h3 Bxf3 16. Qxf3 Qxf3 17. gxf3 Nf5 18. Bc2 Nxe3 19. fxe3 Bxe3+ 20. Kg2 a5 21. Rae1 Bd4 22. f4 exf4 23. Rxf4 Bxb2 24. Rb1 Be5 25. Re4 Bd6 26. Rxb7 Rfe8 27. Rb5 Rxe4 28. Bxe4 Re8 29. Bf3 Bb4 30. a3 Bd2 31. c5 Re3 32. d6 cxd6 33. cxd6 Rd3 34. Rd5 Rxd5 35. Bxd5 Kf8 36. d7 Bg5 37. Bc6 Ke7 38. Kf3 Bc1 39. a4 g6 40. Bd5 f5 41. Bf7 g5 42. Bg6 Kxd7 43. Bxf5+ Kd6 44. Bd3 Ke5 45. Kg4 Kd4 46. Bb5 Kc5 47. Be8 Kd6 48. Bb5 Kd5 49. Be8 Ke5 50. Bb5 Kf6 51. Be8 Kg7 52. Bb5 Kf7 53. Bc4+ Kg6 54. Bd3+ Kf6 55. Bc4 Bd2 56. Bd3 Be1 57. Bc4 Bd2 58. Bd3 Bc3 59. Bc4 Ke5 60. Bd3 Bd2 61. Bb5 Kd4 62. Be8 Ke3 63. Bb5 Kf2 64. Be8 Kg2 65. Bd7 Kh2 66. Kh5 Kg3 67. Bg4 Bb4 68. Kxh6 Bd2 69. Kg6 Kh4 70. Kf5 Bb4 71. Kg6 Be1 72. Kf5 Bb4 73. Kg6 Be1 74. Kf5 Bb4 1/2-1/2

[Event "November 21 Early 2023"]
[Site "https://www.chess.com"]
[Date "2023.11.21"]
[Round "8"]
[White "Erzhanov, Arman"]
[Black "Sadykov, Ramil"]
[Result "0-1"]
[Board "71"]
[TimeControl "180+1"]
[WhiteFideId "4138821"]
[BlackFideId "24113590"]
[WhiteElo "2171"]
[BlackElo "2245"]
[WhiteTeam "KAZ"]
[BlackTeam "FID"]
[WhiteClock "0:00:42"]
[BlackClock "0:01:24"]

1. e4 c5 2. Nf3 a6 3. g3 b5 4. Bg2 Bb7 5. d3 e6 6. O-O Nc6 7. Re1 d6 8. c3 Nf6 9. d4 e5 10. dxe5 dxe5 11. Qc2 Be7 12. a4 O-O 13. Bf1 Qb6 14. Be3 Ng4 15. Bc1 Rac8 16. h3 Nf6 17. Be3 Nd4 18. cxd4 cxd4 19. Bxd4 exd4 20. Qd3 bxa4 21. Nbd2 Qb4 22. Ra2 Rfd8 23. Rea1 Bc6 24. Be2 Bb5 0-1

[Event "November 21 Early 2023"]
[Site "https://www.chess.com"]
[Date "2023.11.21"]
[Round "8"]
[White "Ovetchkin, Roman"]
[Black "Herman, Matthew"]
[Result "0-1"]
[Board "72"]
[TimeControl "180+1"]
[WhiteFideId "4119991"]
[BlackFideId "2028964"]
[WhiteElo "2381"]
[BlackElo "2368"]
[WhiteTeam "RUS"]
[BlackTeam "USA"]
[WhiteClock "0:00:00"]
[BlackClock "0:00:04"]

1. d4 Nf6 2. c4 g6 3. Nc3 Bg7 4. e4 O-O 5. Nf3 d6 6. Be2 Nbd7 7. Bg5 e5 8. d5 a5 9. Nd2 Nc5 10. b3 Qd7 11. a3 Nh5 12. g3 Qh3 13. b4 axb4 14. axb4 Rxa1 15. Qxa1 Na6 16. Qa3 Bf6 17. Be3 Be7 18. c5 Qg2 19. Bf3 Qh3 20. c6 f5 21. cxb7 Bxb7 22. b5 Nc5 23. Bxc5 dxc5 24. Qa7 Bc8 25. Qxc7 Bg5 26. Nc4 fxe4 27. Bxe4 Nf6 0-1

[Event "November 21 Early 2023"]
[Site "https://www.chess.com"]
[Date "2023.11.21"]
[Round "8"]
[White "Koellner, Ruben Gideon"]
[Black "Kazmin_Semyon"]
[Result "1/2-1/2"]
[Board "73"]
[TimeControl "180+1"]
[WhiteFideId "12993093"]
[WhiteElo "2347"]
[BlackElo "2517"]
[WhiteTeam "GER"]
[WhiteClock "0:00:24"]
[BlackClock "0:00:03"]

1. d4 Nf6 2. Nf3 d5 3. e3 b6 4. Nbd2 Bb7 5. Bd3 e6 6. Ne5 Nbd7 7. f4 c5 8. c3 a5 9. O-O Ba6 10. Bxa6 Rxa6 11. Qf3 Bd6 12. g4 O-O 13. g5 Ne8 14. a4 f6 15. gxf6 Nexf6 16. Qh3 Qe8 17. Kh1 Bxe5 18. dxe5 Ne4 19. Nxe4 dxe4 20. Bd2 c4 21. Be1 Rf5 22. Rd1 Nc5 23. Rd4 Qxa4 24. Rd8+ Rf8 25. Rxf8+ Kxf8 26. f5 Kg8 27. fxe6 Qe8 28. Qf5 Ra7 29. Bh4 Nxe6 30. Qxe4 Qa8 31. Qxa8+ Rxa8 32. Rd1 Rb8 33. Rd6 Kf7 34. Rd7+ Kg6 35. Re7 Nc5 36. e6 Kf5 37. Rxg7 Kxe6 38. Rxh7 b5 39. Bg3 Rd8 40. Rh5 Rc8 41. e4 b4 42. Rh6+ Kf7 43. e5 bxc3 44. bxc3 a4 45. Rh7+ Ke6 46. Ra7 Rd8 47. Bf2 Ne4 48. Bd4 Rg8 49. Rxa4 Nd2 50. h4 Nf3 51. Rxc4 Nxh4 52. Rc6+ Kd7 53. Rd6+ Kc7 54. Kh2 Nf3+ 55. Kh3 Ng5+ 56. Kh4 Ne4 57. Rh6 Kd7 58. e6+ Ke7 59. Be3 Nd6 60. Bc5 Rc8 61. Rh7+ Kxe6 62. Rh6+ Kf5 63. Bxd6 Rc4+ 64. Kh3 Rxc3+ 65. Bg3 Rd3 66. Rh5+ Ke4 67. Rh4+ Kf5 68. Rh8 Rb3 69. Rf8+ Ke6 70. Rf4 Rc3 71. Kg4 Rb3 72. Re4+ Kd5 73. Re5+ Kd4 74. Re8 Kd5 75. Bf4 Rb7 76. Kf5 Rf7+ 77. Kg4 Rg7+ 78. Kf3 Rf7 79. Re5+ Kd4 80. Re1 Kd5 81. Rd1+ Kc4 82. Ke4 Rh7 83. Rc1+ Kb5 84. Be5 Rd7 85. Bd4 Kb4 86. Kd3 Kb5 87. Rb1+ Kc6 88. Kc4 Rb7 89. Rh1 Rd7 90. Bc5 Rd2 91. Rh6+ Kc7 92. Kb5 Rb2+ 93. Bb4 Kd7 94. Rd6+ Ke8 95. Rd4 Kf7 96. Kc6 Ke6 97. Re4+ Kf5 98. Rh4 Kg5 99. Be7+ Kf5 100. Rh1 Ke6 101. Re1+ Kf5 102. Bc5 Rd2 103. Re8 Kf6 104. Kb5 Rc2 105. Bd4+ Kf5 106. Kb4 Rc6 107. Bc5 Re6 108. Rf8+ Ke4 109. Rf1 Rh6 110. Kc4 Rh2 111. Re1+ Kf3 112. Bd6 Rd2 113. Be5 Rd7 114. Bd4 Kf4 1/2-1/2

[Event "November 21 Early 2023"]
[Site "https://www.chess.com"]
[Date "2023.11.21"]
[Round "8"]
[White "Kuegel, Tobias"]
[Black "Nagare Kaivalya Sandip"]
[Result "1/2-1/2"]
[Board "74"]
[TimeControl "180+1"]
[WhiteFideId "4636295"]
[BlackFideId "25957929"]
[WhiteElo "2213"]
[BlackElo "2024"]
[WhiteTeam "GER"]
[BlackTeam "IND"]
[WhiteClock "0:00:05"]
[BlackClock "0:00:56"]

1. e4 e5 2. Nf3 Nc6 3. Bb5 a6 4. Bxc6 dxc6 5. O-O Bg4 6. h3 h5 7. d3 Qf6 8. Nbd2 Bd6 9. Nc4 Bxf3 10. Qxf3 Qxf3 11. gxf3 Ne7 12. f4 Ng6 13. f5 Ne7 14. f4 Bc5+ 15. Be3 Bxe3+ 16. Nxe3 exf4 17. Rxf4 O-O-O 18. Kf2 g5 19. fxg6 fxg6 20. Kg3 g5 21. Rf6 Rhg8 22. Nf5 Nxf5+ 23. Rxf5 c5 24. Rxc5 Rdf8 25. Rf5 Rxf5 26. exf5 Kd7 27. Re1 Rf8 28. Re5 Kd6 29. Re6+ Kd5 30. Rh6 Rxf5 31. Rxh5 Kd4 32. Rh7 Rc5 33. c3+ Kxd3 34. Kg4 Kc2 35. Rg7 Kxb2 36. Rxg5 Rxc3 37. h4 Rc4+ 38. Kg3 Rc1 39. h5 Rh1 40. Ra5 b5 41. Kg4 c5 42. Rxa6 c4 43. Rb6 Rg1+ 44. Kf5 Rf1+ 45. Kg6 Rg1+ 46. Kf5 Rh1 47. Rxb5+ Kxa2 48. Kg6 c3 49. Rc5 Kb3 50. h6 Rg1+ 51. Kf7 Rf1+ 52. Kg7 Rg1+ 53. Kf7 c2 54. Rxc2 Kxc2 55. h7 Rh1 56. Kg7 Rg1+ 57. Kf7 Rf1+ 58. Kg7 Rg1+ 59. Kf7 1/2-1/2

[Event "November 21 Early 2023"]
[Site "https://www.chess.com"]
[Date "2023.11.21"]
[Round "8"]
[White "Arhan_Anand"]
[Black "Eugene, Floryan"]
[Result "1-0"]
[Board "75"]
[TimeControl "180+1"]
[BlackFideId "20694784"]
[WhiteElo "2650"]
[BlackElo "2369"]
[BlackTeam "FRA"]
[WhiteClock "0:01:03"]
[BlackClock "0:00:00"]

1. Nf3 g6 2. e4 Bg7 3. d4 c6 4. Bd3 d5 5. e5 f6 6. exf6 exf6 7. O-O Ne7 8. Re1 O-O 9. c4 Nf5 10. cxd5 cxd5 11. Nc3 Nc6 12. Bc2 Kh8 13. Bb3 Nce7 14. Qe2 b6 15. g4 a5 16. gxf5 Nxf5 17. Bxd5 Ra7 18. Bf4 Ba6 19. Qd2 Rd7 20. Be6 Nxd4 21. Nxd4 Rxd4 22. Qe3 Rd3 23. Qe4 f5 24. Qg2 Qf6 25. Be5 Qh4 26. Bxg7+ Kxg7 27. Rad1 Rxd1 28. Rxd1 f4 29. Rd7+ Kh8 30. Qd5 f3 31. Ne4 Rf6 32. Qe5 Qg5+ 33. Qxg5 1-0